 Dungeon Crawl Stone Soup version 0.28.0-53-g5a82cb258f (webtiles) character file.

Game seed: 1268567974823326496

108 buhh the Sneak (level 4, -5/30 HPs)
             Began as an Octopode Transmuter on June 16, 2022.
             Slain by an orc
             ... wielding a +0 trident
              (6 damage)
             ... on level 3 of the Dungeon.
             The game lasted 00:02:58 (2253 turns).

buhh the Sneak (Octopode Transmuter)                Turns: 2253, Time: 00:02:59

Health: -5/30      AC:  1    Str:  9    XL:     4   Next: 87%
Magic:  6/7        EV: 13    Int: 17    God:
Gold:   77         SH:  0    Dex: 12    Spells: 6/7 levels left

rFire   . . .      SeeInvis .   h - +0 dagger
rCold   . . .      Faith    .   (no shield)
rNeg    . . .      Spirit   .   (helmet currently unavailable)
rPois   .          Reflect  .   (no amulet)
rElec   .          Harm     .   (no ring)
rCorr   .          Rampage  .   (no ring)
Will    .....                   (no ring)
Stlth   ++++......              (no ring)
HPRegen 0.10/turn               (no ring)
MPRegen 0.10/turn               (no ring)
                                (no ring)
                                (no ring)

@: appendages
A: tentacle spike 3, almost no armour, amphibious, 8 rings, camouflage 1,
gelatinous body 1, (nimble swimmer 1), tentacles
a: End Transformation


You were on level 3 of the Dungeon.
One of your tentacles had grown a beastly spike.
You visited 1 branch of the dungeon, and saw 3 of its levels.

You collected 77 gold pieces.

Inventory:

Hand Weapons
 h - a +0 dagger (weapon)
Scrolls
 b - a scroll of amnesia {unknown}
 c - a scroll of identify {unknown}
 d - a scroll of enchant armour {unknown}
 e - a scroll of noise {unknown}
 f - a scroll of acquirement {unknown}
 i - a scroll of fear {unknown}
Potions
 a - a potion of mutation {unknown}
 g - a potion of degeneration {unknown}
 j - a potion of berserk rage {unknown}


   Skills:
 + Level 2.7 Fighting
 - Level 2.0 Dodging
 * Level 4.9 Stealth
 - Level 3.0 Unarmed Combat
 - Level 2.0 Spellcasting
 - Level 2.0 Transmutations


You had 6 spell levels left.
You knew the following spells:

 Your Spells              Type           Power      Damage    Failure   Level
a - Beastly Appendage     Tmut           16%        N/A       9%          1

Your spell library contained the following spells:

 Spells                   Type           Power      Damage    Failure   Level
 Wereblood                Tmut           8%         N/A       13%         2
 Spider Form              Tmut/Pois      5%         N/A       36%         3
 Stone Arrow              Conj/Erth      2%         3d7       50%         3
 Ice Form                 Ice/Tmut       5%         N/A       77%         4
 Lehudib's Crystal Spear  Conj/Erth      0%         10d2      100%        8
 Animate Armour           Summ/Erth      Unusable   N/A       N/A         4

Dungeon Overview and Level Annotations

Branches:
Dungeon (3/15)

Altars:


Innate Abilities, Weirdness & Mutations

One of your tentacles has grown a beastly spike.
You cannot wear most types of armour.
You are amphibious.
You can wear up to eight rings at the same time.
Your skin changes colour to match your surroundings (Stealth+).
Your rubbery body absorbs attacks. (AC +1, EV +1)
((You are camouflaged when in or above water. (Stealth+)))
You have tentacles for arms and can constrict up to eight enemies at once.


Message History

The orc wizard is heavily wounded.
The orc wizard hits you with a +0 dagger.
An orc comes into view. It is wielding a +0 trident.
You closely miss the orc wizard. You grab the orc wizard.
You squeeze the orc wizard.
The orc wizard is severely wounded.
You constrict the orc wizard.
The orc wizard hits you with a +0 dagger.
You barely miss the orc wizard.
The orc wizard is almost dead.
You constrict the orc wizard. The orc closely misses you.
The orc wizard mumbles some strange words.
The orc wizard flickers and vanishes!
Deactivating autopickup; reactivate with Ctrl-A.
You hit something.
Reactivating autopickup.
You feel a bit more experienced.
The orc hits you from afar with a +0 trident.
Casting: Beastly Appendage (safe; 9% risk of failure)
Press: ? - help, Q - select action Dir - look around, f - activate One of your tentacles grows a vicious spike.
The orc hits you from afar with a +0 trident.
The orc barely misses you.
The orc priest miscasts a cantrip.
You barely miss the orc. Your grab misses the orc. You tentacle-slap the orc.
Your squeeze misses the orc.
The orc is severely wounded.
The orc hits you from afar with a +0 trident.
The orc hits you with a +0 flail.
The orc priest mumbles some strange prayers to Beogh against you.
Beogh smites you!
* * * LOW HITPOINT WARNING * * *
You hear an angry hiss.
You barely miss the orc. You grab the orc.
You pierce the orc, but do no damage.
You tentacle-slap the orc, but do no damage.
The orc is severely wounded.
You constrict the orc, but do no damage.
The orc hits you from afar with a +0 trident.
You die... . #... .. #..# ... #..# .. #..# #.####..# #....#..####### ####..........# #....##..####.# #@#####..# #.# #o# #...# #.# # oo.

....# #.#
###### ###
#o#.# ####.#
#.# ......
......... .# .#
#.# ######
#.......# .# .#
#.# # #.##....
.# .###.# #
#.##..#.# .#
#..# #
#.##..#.##.##.#
#.##


You could see an orc priest and 3 orcs.

Vanquished Creatures
  An orc wizard (D:3)
  4 adders (D:2)
  A worm (D:2)
  A dart slug (D:1)
  2 bats (D:2)
  2 endoplasms (D:2)
  2 giant cockroaches (D:2)
  A goblin (D:2)
  5 hobgoblins
  4 jackals (D:2)
  2 kobolds
  2 quokkas (D:1)
  8 ball pythons
  3 frilled lizards
  3 rats
41 creatures vanquished.

Notes
Turn   | Place    | Note
-------+----------+-------------------------------------------
     0 | D:1      | buhh the Octopode Transmuter began the quest for the Orb.
     0 | D:1      | Reached XP level 1. HP: 13/13 MP: 3/3
    85 | D:1      | Reached skill level 1 in Stealth
   155 | D:1      | Reached skill level 2 in Stealth
   155 | D:1      | Reached XP level 2. HP: 9/18 MP: 3/5
   723 | D:2      | Reached skill level 3 in Stealth
   723 | D:2      | Reached XP level 3. HP: 19/24 MP: 6/6
  1382 | D:2      | Reached skill level 4 in Stealth
  1382 | D:2      | Reached XP level 4. HP: 24/30 MP: 5/7
  2252 | D:3      | HP: 1/30 [orc priest/divine providence (10)]
  2253 | D:3      | Slain by an orc

Illustrated notes

Levels and vault maps discovered:
D:1:      dpeg_arrival_windows_large_door, layout_rooms
D:2:      layout_loops_corners, minmay_tetromino_t2
D:3:      layout_loops_ring, shapermc_ecumenical_altar_ellora,
          minmay_misc_feat_encased

Skill      XL: |  1  2  3 |
---------------+----------+-----
Stealth        | 2 3 4 |  4.9
Fighting       | 2 |  2.7
Dodging        | |  2.0
Unarmed Combat | |  3.0
Spellcasting   | |  2.0
Transmutations | |  2.0

Action                   |  1- 3 |  4- 6 || total
-------------------------+-------+-------++-------
Melee: Unarmed           |    63 |     6 ||    69
       Constrict         |    18 |     9 ||    27
       Tentacles         |     9 |     5 ||    14
       Kick              |    11 |     5 ||    16
       Punch             |     1 |     2 ||     3
       Dagger            |       |    25 ||    25
 Cast: Beastly Appendage |    16 |     6 ||    22
 Stab: Sleeping          |     5 |     4 ||     9
Armor: Skin              |     3 |     1 ||     4
Dodge: Dodged            |    36 |    15 ||    51
